 Dungeon Crawl Stone Soup version 0.29-a0-9-g022ca4c890 (webtiles) character file.

Game seed: 4427450332819854066

388 porpoise the Skirmisher (level 6, 0/49 HPs)
             Began as a Demonspawn Warper on Jan 28, 2022.
             Slain by an orc (5 damage)
             ... on level 4 of the Dungeon.
             The game lasted 00:17:41 (4281 turns).

porpoise the Skirmisher (Demonspawn Warper)         Turns: 4281, Time: 00:17:43

Health: 0/49       AC:  6    Str: 13    XL:     6   Next: 49%
Magic:  9/9        EV: 11    Int: 14    God:
Gold:   102        SH:  0    Dex: 13    Spells: 4/9 levels left

rFire   . . .      SeeInvis .   a - +1 dagger (drain)
rCold   . . .      Faith    .   (no shield)
rNeg    . . .      Spirit   .   j - +0 leather armour
rPois   .          Reflect  .   (no helmet)
rElec   .          Harm     .   p - +0 cloak
rCorr   .          Rampage  .   (no gloves)
Will    .....                   (no boots)
Stlth   +.........              (no amulet)
HPRegen 0.16/turn               (no ring)
MPRegen 0.11/turn               (no ring)

@: silenced
A: molten scales 1, ignite blood 1
a: no special abilities


You were on level 4 of the Dungeon.
You visited 1 branch of the dungeon, and saw 4 of its levels.

You collected 102 gold pieces.

Inventory:

Hand Weapons
 a - a +1 dagger of draining (weapon)
 b - a +0 hunting sling
 w - a +1 dagger of electrocution
Missiles
 d - 5 boomerangs of dispersal
 f - 41 arrows
 g - 151 stones
 l - 10 poisoned darts (quivered)
 m - 23 bolts
Armour
 j - a +0 leather armour (worn)
 p - a +0 cloak (worn)
Magical Staves
 k - a staff of fire
Scrolls
 c - 2 scrolls of blinking
 e - 2 scrolls of silence
 i - a scroll of noise {unknown}
 n - 3 scrolls of identify {unknown}
 o - a scroll of teleportation {unknown}
 q - a scroll of enchant weapon {unknown}
 r - a scroll of torment {unknown}


   Skills:
 * Level 4.7 Fighting
 * Level 2.7 Short Blades
 - Level 2.0 Polearms
 - Level 0.8 Throwing
 - Level 0.8 Armour
 - Level 1.7 Dodging
 + Level 3.4 Stealth
 - Level 2.0 Spellcasting
 - Level 2.6 Translocations


You had 4 spell levels left.
You knew the following spells:

 Your Spells              Type           Power      Damage    Failure   Level
k - Blink                 Tloc           16%        N/A       16%         2
w - Swiftness             Air            1%         N/A       65%         3

Your spell library contained the following spells:

 Spells                   Type           Power      Damage    Failure   Level
 Gell's Gravitas          Tloc           8%         N/A       30%         3
 Lesser Beckoning         Tloc           8%         N/A       30%         3
 Teleport Other           Tloc           8%         N/A       30%         3
 Ensorcelled Hibernation  Hex/Ice        2%         N/A       41%         2
 Passwall                 Tmut/Erth      0%         N/A       41%         2
 Cause Fear               Hex            0%         N/A       96%         4
 Manifold Assault         Tloc           8%         N/A       95%         5
 Dragon Form              Tmut           0%         N/A       100%        7
 Dragon's Call            Summ           0%         N/A       100%        9


Dungeon Overview and Level Annotations

Branches:
Dungeon (4/15)
 Temple: D:4-7

Altars:
Gozag
Zin


Innate Abilities, Weirdness & Mutations

You are partially covered in molten scales. (AC +2)
Your demonic aura sometimes causes spilled blood to erupt in flames.


Message History

A profound silence engulfs you.
It was a scroll of silence.
The orc closely misses you. The orc misses you.
Magic scrolls do not work when you're silenced!
Unknown command.
You aren't carrying any items that you can evoke.
You hit the orc.
The orc is lightly wounded.
The orc hits you with a +0 war axe! The orc hits you but does no damage.
The orc barely misses you.
You barely miss the orc.
The orc is lightly wounded.
The orc hits you with a +0 war axe! The orc barely misses you.
You hit the orc but do no damage.
The orc is lightly wounded.
The orc hits you with a +0 club. The orc barely misses you.
The orc hits you but does no damage.
You hit the orc.
The orc is heavily wounded.
The orc closely misses you.
The orc is engulfed in blazing flames.
You kill the orc!
You hit the orc but do no damage. The orc hits you but does no damage.
The orc closely misses you.
You hit the orc but do no damage. The orc barely misses you. x2
You hit the orc.
The orc is severely wounded.
The orc barely misses you. The orc closely misses you.
You hit the orc.
You kill the orc!
The orc hits you with a +0 mace of holy wrath!
You convulse!
* * * LOW HITPOINT WARNING * * *
The adder closely misses you.
You hit the adder.
The adder is moderately wounded.
The orc hits you with a +0 flail!
* * * LOW HITPOINT WARNING * * *
The adder bites you.
* * * LOW HITPOINT WARNING * * *
The orc hits you with a +0 mace of holy wrath.
You die...

#....# #.#.##.##
#....#### .#......
#)....... .......
#o##.#### .......
#o##..... #.....
#oo........##.....
#g###.............
#o# .# #<#. #@#
#... #So......
###. #oo...... #.
##....... #.
###...# #. ...# #.
... ... ## ....
#.####


You could see an adder, 8 orcs and a goblin.

Vanquished Creatures
  A scorpion (D:2)
  An orc priest (D:4)
  A hound (D:4)
  Jessica (D:3)
  An orc wizard (D:4)
  A hound skeleton (D:4)
  9 gnolls
  A howler monkey skeleton (D:4)
  An adder (D:3)
  2 worms
  3 dart slugs
  7 orcs
  4 bats
  5 endoplasms
  3 giant cockroaches
  11 goblins
  8 hobgoblins
  4 jackals
  4 quokkas
  10 ball pythons
  6 frilled lizards
  6 kobolds
  3 rats
93 creatures vanquished.

Vanquished Creatures (others)
  A plant (D:4)
1 creature vanquished.

Grand Total: 94 creatures vanquished

Notes
Turn   | Place    | Note
-------+----------+-------------------------------------------
     0 | D:1      | porpoise the Demonspawn Warper began the quest for the Orb.
     0 | D:1      | Reached XP level 1. HP: 16/16 MP: 3/3
   250 | D:1      | Gained mutation: You are partially covered in molten
                  | scales. (AC +2) [demonic ancestry]
   250 | D:1      | Reached XP level 2. HP: 20/23 MP: 5/5
   332 | D:1      | Reached skill level 1 in Stealth
   784 | D:1      | Reached XP level 3. HP: 25/28 MP: 6/6
  1046 | D:2      | You fall into a shaft and drop 1 floor!
  1054 | D:3      | Noticed Jessica
  1075 | D:3      | Killed Jessica
  1076 | D:3      | Reached skill level 3 in Fighting
  1138 | D:3      | Learned a level 2 spell: Blink
  1142 | D:3      | Learned a level 3 spell: Swiftness
  1248 | D:3      | Gained mutation: Your demonic aura sometimes causes spilled
                  | blood to erupt in flames. [demonic ancestry]
  1248 | D:3      | Reached XP level 4. HP: 35/35 MP: 7/7
  1287 | D:3      | Reached skill level 1 in Short Blades
  1340 | D:2      | Noticed a scorpion
  1358 | D:2      | Killed a scorpion
  1547 | D:2      | Reached XP level 5. HP: 30/41 MP: 8/8
  2873 | D:3      | Found a faded altar of an unknown god.
  2894 | D:3      | Reached skill level 4 in Fighting
  3310 | D:3      | HP: 2/42 [gnoll (3)]
  3653 | D:4      | Reached XP level 6. HP: 46/49 MP: 9/9
  3915 | D:4      | Found an opulent altar of Gozag.
  3941 | D:4      | HP: 2/49 [gnoll (5)]
  4281 | D:4      | Slain by an orc

Illustrated notes

Levels and vault maps discovered:
D:1:      matt_arrival_los_fun, layout_basic, minivault_14
D:2:      layout_basic
D:3:      layout_basic, chequers_ecumenical_altar_simple_redux,
          minmay_misc_feat_secret_circle, minmay_misc_feat_tiny,
          glass_columns_a, minmay_goblin_kobold_house, uniq_jessica
D:4:      lemuel_castle_with_subvaults [lemuel_castle_interior_carwin_3],
          layout_loops_ring, grunt_temple_overflow_gold_and_silver

Skill      XL: |  1  2  3  4  5 |
---------------+----------------+-----
Stealth        | 1 2 3 |  3.4
Polearms       | 2 |  2.0
Fighting       | 3 4 |  4.7
Short Blades   | 1 2 |  2.7
Throwing       | |  0.8
Armour         | |  0.8
Dodging        | |  1.7
Spellcasting   | |  2.0
Translocations | |  2.6

Action                   |  1- 3 |  4- 6 || total
-------------------------+-------+-------++-------
Melee: Spear             |    88 |       ||    88
       Dagger            |     5 |   226 ||   231
       Punch             |     1 |     4 ||     5
 Fire: Hunting sling     |       |    16 ||    16
Throw: Dart              |       |     6 ||     6
  Use: Potion            |       |     3 ||     3
       Scroll            |       |     1 ||     1
 Stab: Sleeping          |     2 |     5 ||     7
Armor: Leather armour    |     8 |    75 ||    83
Dodge: Dodged            |    30 |   106 ||   136

Table legend: (Time is in decaauts)
 A = Elapsed time spent in this place.
 B = Non-inter-level travel time spent in this place.
 C = Inter-level travel time spent in this place.
 D = Time resting spent in this place.
 E = Time spent auto-exploring this place.
 F = Levels seen in this place.
 G = Mean time per level.
                   A        B        C        D        E       F      G
               +--------+--------+--------+--------+--------+-----+--------+
         Total |   4250 |   4106 |    144 |   1324 |   1855 |   4 | 1062.5 |
       Dungeon |   4250 |   4106 |    144 |   1324 |   1855 |   4 | 1062.5 |
               +--------+--------+--------+--------+--------+-----+--------+

Top non-repeatable levels by time:
     D:3: 1666 daAuts
     D:2: 1022 daAuts
     D:1: 995 daAuts
     D:4: 566 daAuts
